 Dungeon Crawl Stone Soup version 0.29-a0-542-g075992c915 (webtiles) character file.

Game seed: 12179881476867223814

78 KateP the Skirmisher (level 4, -6/41 HPs)
             Began as a Minotaur Fighter on June 3, 2022.
             Mangled by a gnoll
             ... wielding a +0 spear
              (7 damage)
             ... on level 3 of the Dungeon.
             The game lasted 00:01:41 (1588 turns).

KateP the Skirmisher (Minotaur Fighter)             Turns: 1588, Time: 00:01:41

Health: -6/41      AC:  8    Str: 23    XL:     4   Next: 15%
Magic:  3/3        EV:  9    Int:  5    God:
Gold:   130        SH:  4    Dex:  9    Spells: 3/3 levels left

rFire   . . .      SeeInvis .   a - +0 war axe
rCold   . . .      Faith    .   c - +0 buckler
rNeg    . . .      Spirit   .   b - +0 scale mail
rPois   .          Reflect  .   (helmet restricted)
rElec   .          Harm     .   (no cloak)
rCorr   .          Rampage  .   (no gloves)
Will    .....                   h - +0 pair of boots
Stlth   ..........              (no amulet)
HPRegen 0.13/turn               (no ring)
MPRegen 0.08/turn               (no ring)

@: no status effects
A: horns 2, retaliatory headbutt
a: no special abilities


You were on level 3 of the Dungeon.
You visited 1 branch of the dungeon, and saw 3 of its levels.

You collected 130 gold pieces.

Inventory:

Hand Weapons
 a - a +0 war axe (weapon)
Armour
 b - a +0 scale mail (worn)
 c - a +0 buckler (worn)
 h - a +0 pair of boots (worn)
Wands
 n - a wand of paralysis (12)
Scrolls
 e - a scroll of brand weapon {unknown}
 f - a scroll of blinking {unknown}
 g - a scroll of noise {unknown}
 i - 2 scrolls of enchant armour {unknown}
 l - a scroll of identify {unknown}
 p - a scroll of teleportation {unknown}
Potions
 d - a potion of might
 j - a potion of ambrosia {unknown}
 k - a potion of curing {unknown}
 m - a potion of lignification {unknown}
 o - a potion of attraction {unknown}
 q - a potion of berserk rage {unknown}
 r - a potion of resistance {unknown}


   Skills:
 + Level 4.3 Fighting
 * Level 4.2 Axes
 + Level 4.3 Armour
 - Level 3.6 Shields


You had 3 spell levels left.
You didn't know any spells.
Your spell library contained the following spells:

 Spells                   Type           Power      Damage    Failure   Level
 Ensorcelled Hibernation  Hex/Ice        0%         N/A       95%         2
 Passwall                 Tmut/Erth      0%         N/A       95%         2
 Swiftness                Air            0%         N/A       99%         3


Dungeon Overview and Level Annotations

Branches:
Dungeon (3/15)

Altars:

Shops:
D:2 :


Innate Abilities, Weirdness & Mutations

You have a pair of horns on your head.
You reflexively headbutt those who attack you in melee.


Message History

The gnoll hits you from afar with a +0 spear.
The gnoll barely misses you.
You rip the net and break free!
The gnoll hits you but does no damage. x2
You barely miss the gnoll. You block the gnoll's attack.
The gnoll completely misses you.
You hit the gnoll but do no damage.
The gnoll hits you from afar with a +0 spear.
The gnoll hits you with a +0 flail.
You hit the gnoll.
The gnoll is lightly wounded.
The gnoll hits you but does no damage. The gnoll hits you with a +0 flail.
The gnoll barely misses you. The gnoll hits you with a +0 flail.
You slash the gnoll! Your headbutt misses the gnoll.
The gnoll is almost dead.
The gnoll hits you from afar with a +0 spear.
The gnoll closely misses you.
You closely miss the gnoll.
The gnoll is severely wounded.
The gnoll barely misses you. The gnoll closely misses you.
You barely miss the gnoll.
The gnoll is severely wounded.
The gnoll hits you from afar with a +0 spear!
* * * LOW HITPOINT WARNING * * *
The gnoll hits you with a +0 flail.
* * * LOW HITPOINT WARNING * * *
The gnoll barely misses you. x2
You closely miss the gnoll. Your headbutt misses the gnoll.
The gnoll is severely wounded.
You block the gnoll's attack. x2
You hit the gnoll.
You kill the gnoll!
The gnoll hits you from afar with a +0 spear.
* * * LOW HITPOINT WARNING * * *
The gnoll hits you with a +0 spear.
* * * LOW HITPOINT WARNING * * *
Items here: ( ))) ††.
You hit the gnoll but do no damage. The gnoll hits you with a +0 spear.
* * * LOW HITPOINT WARNING * * *
The gnoll hits you with a +0 spear!
You die...

### ... #.# .###+## #.#
....... #.# .$..... #.#
......g###.#############
.......@......)........#
.###.#####.####.########
#.#[##.# #.#....#
#.#.#### #####.#.#######
..............#
#####.#.#####.# #.#.#
#.#


You could see a gnoll.

Vanquished Creatures
  3 gnolls (D:3)
  A dart slug (D:1)
  6 ball pythons
  8 endoplasms
  3 giant cockroaches
  4 goblins
  5 hobgoblins
  2 jackals (D:2)
  A quokka (D:2)
  A bat (D:2)
  2 frilled lizards
  2 kobolds
  6 rats
44 creatures vanquished.

Notes
Turn   | Place    | Note
-------+----------+-------------------------------------------
     0 | D:1      | KateP the Minotaur Fighter began the quest for the Orb.
     0 | D:1      | Reached XP level 1. HP: 19/19 MP: 0/0
   279 | D:1      | Reached XP level 2. HP: 27/27 MP: 1/1
   683 | D:2      | Found Anwoud's Book Boutique.
   691 | D:2      | Reached XP level 3. HP: 33/33 MP: 2/2
   814 | D:2      | Found a faded altar of an unknown god.
  1576 | D:3      | Reached XP level 4. HP: 31/40 MP: 3/3
  1587 | D:3      | HP: 2/41 [gnoll/+0 spear (2)]
  1588 | D:3      | Mangled by a gnoll

Illustrated notes

Levels and vault maps discovered:
D:1:      roderic_crop_circles_arrival_small, layout_basic,
          kennysheep_decorative_pillar, minmay_pentomino_q2
D:2:      layout_loops_ring, hellmonk_ecumenical_altar_inner_sanctum,
          serial_shops, nicolae_square_shop
D:3:      layout_basic, minmay_snake_closets

Skill      XL: |  1  2  3 |
---------------+----------+-----
Axes           | 3 4 |  4.2
Fighting       | 4 |  4.3
Armour         | 4 |  4.3
Shields        | |  3.6

Action                   |  1- 3 |  4- 6 || total
-------------------------+-------+-------++-------
Melee: War axe           |    79 |     9 ||    88
       Headbutt          |    10 |       ||    10
Armor: Scale mail        |    31 |     4 ||    35
Dodge: Dodged            |    33 |     8 ||    41
Block: Buckler           |    18 |     3 ||    21

Table legend: (Time is in decaauts)
 A = Elapsed time spent in this place.
 B = Non-inter-level travel time spent in this place.
 C = Inter-level travel time spent in this place.
 D = Time resting spent in this place.
 E = Time spent auto-exploring this place.
 F = Levels seen in this place.
 G = Mean time per level.
                   A        B        C        D        E       F      G
               +--------+--------+--------+--------+--------+-----+--------+
         Total |   1620 |   1620 |      0 |      0 |   1292 |   3 |  540.0 |
       Dungeon |   1620 |   1620 |      0 |      0 |   1292 |   3 |  540.0 |
               +--------+--------+--------+--------+--------+-----+--------+

Top non-repeatable levels by time:
     D:2: 840 daAuts
     D:1: 662 daAuts
     D:3: 116 daAuts
